3A
HIGHWOOD HAWKS @ HARRISBURG HARRIERS
09/03/2020
 
TOP OF THE 1ST
Highwood Hawks batting - Pitching for Harrisburg Harriers : LHP Evan Koopman
Pitching: LHP Evan Koopman
Batting: RHB Jim Unknown 0-0: DOUBLE (Line Drive, 78M)
Batting: RHB Jim Unknown 0-0: Ball
1-0: Foul Ball, location: 2F
1-1: Ball
2-1: Fly out, F8 (Flyball, 8LS)
Batting: LHB Perry Bothof 0-0: Ball
1-0: Ball
2-0: Ground out 1-3 (Groundball, 13S)
Jim Unknown to third
Batting: LHB Jim Unknown 0-0: Called Strike
0-1: DOUBLE (Line Drive, 5D)
Jim Unknown scores
Batting: RHB Jim Unknown 0-0: Ground out 6-3 (Groundball, 6)
Top of the 1st over - 1 run(s), 2 hit(s), 0 error(s), 1 left on base; Highwood 1 - Harrisburg 0
BOTTOM OF THE 1ST
Harrisburg Harriers batting - Pitching for Highwood Hawks : RHP Teddy Perkins
Pitching: RHP Teddy Perkins
Batting: RHB Bartolo Benítez 0-0: SINGLE (Line Drive, 6MD)
Batting: RHB Patrizio Vanali 0-0: Ball
1-0: Ball
2-0: Called Strike
2-1: Ball
3-1: Fly out, F9 (Flyball, 89D)
Batting: RHB Bartolo Morales 0-0: Ball
1-0: SINGLE (Groundball, 3D) (infield hit)
Bartolo Benítez to second
Batting: RHB Keith MacKey 0-0: Swinging Strike
0-1: Foul Ball, location: 2F
0-2: Foul Ball, location: 2F
0-2: Strikes out looking
Batting: RHB Martín Álvarez 0-0: Ball
1-0: Ball
2-0: Fly out, F8 (Flyball, 8RM)
Bottom of the 1st over - 0 run(s), 2 hit(s), 0 error(s), 2 left on base; Highwood 1 - Harrisburg 0
TOP OF THE 2ND
Highwood Hawks batting - Pitching for Harrisburg Harriers : LHP Evan Koopman
Batting: LHB Jim Unknown 0-0: Ball
1-0: Ball
2-0: Ground out U3 (Groundball, 3L)
Batting: LHB Jim Unknown 0-0: Ball
1-0: Called Strike
1-1: Swinging Strike
1-2: Strikes out looking
Batting: LHB Jim Unknown 0-0: Ball
1-0: Foul Ball, location: 2F
1-1: Swinging Strike
1-2: Ball
2-2: Ball
3-2: Ground out 4-3 (Groundball, 4M)
Top of the 2nd over - 0 run(s), 0 hit(s), 0 error(s), 0 left on base; Highwood 1 - Harrisburg 0
BOTTOM OF THE 2ND
Harrisburg Harriers batting - Pitching for Highwood Hawks : RHP Teddy Perkins
Batting: RHB Jim Scott 0-0: Fly out, F9 (Flyball, 89M)
Batting: LHB Eric Porter 0-0: Ball
1-0: Ball
2-0: Ground out 4-3 (Groundball, 13)
Batting: RHB Mike Greene 0-0: Called Strike
0-1: Swinging Strike
0-2: Fly out, F8 (Flyball, 8LM)
Bottom of the 2nd over - 0 run(s), 0 hit(s), 0 error(s), 0 left on base; Highwood 1 - Harrisburg 0
TOP OF THE 3RD
Highwood Hawks batting - Pitching for Harrisburg Harriers : LHP Evan Koopman
Batting: SHB Jim Unknown 0-0: Ball
1-0: Fly out, F7 (Flyball, 78M)
Batting: RHB Jim Unknown 0-0: Called Strike
0-1: Swinging Strike
0-2: Foul Ball, location: 2F
0-2: Ground out 6-3 (Groundball, 6)
Batting: RHB Jim Unknown 0-0: Ball
1-0: Called Strike
1-1: Foul Ball, location: 2F
1-2: Foul Ball, location: 2F
1-2: Ball
2-2: Foul Ball, location: 2F
2-2: Reached on error, E6 (Groundball, 6M)
Batting: LHB Perry Bothof 0-0: Ball
1-0: Ball
2-0: Called Strike
2-1: Fly out, F6 (Popup, 6D)
Top of the 3rd over - 0 run(s), 0 hit(s), 1 error(s), 1 left on base; Highwood 1 - Harrisburg 0
BOTTOM OF THE 3RD
Harrisburg Harriers batting - Pitching for Highwood Hawks : RHP Teddy Perkins
Batting: RHB Jim Unknown 0-0: Called Strike
0-1: Ground out 3-1 (Groundball, 3)
Batting: RHB Bartolo Benítez 0-0: Ball
1-0: Fly out, F4 (Popup, 4M)
Batting: RHB Patrizio Vanali 0-0: Ball
1-0: Ball
2-0: Foul Ball, location: 2F
2-1: Swinging Strike
2-2: Ball
3-2: Ground out 2-3 (Groundball, 23)
Bottom of the 3rd over - 0 run(s), 0 hit(s), 0 error(s), 0 left on base; Highwood 1 - Harrisburg 0
TOP OF THE 4TH
Highwood Hawks batting - Pitching for Harrisburg Harriers : LHP Evan Koopman
Batting: LHB Jim Unknown 0-0: Called Strike
0-1: Ball
1-1: Foul Ball, location: 2F
1-2: Ball
2-2: SINGLE (Groundball, 4MD)
Batting: RHB Jim Unknown 0-0: Called Strike
0-1: Foul Ball, location: 2F
0-2: Foul Ball, location: 2F
0-2: Ball
1-2: Fly out, F8 (Flyball, 8LXD)
Batting: LHB Jim Unknown 0-0: Ball
1-0: Ball
2-0: Ball
3-0: Base on Balls
Jim Unknown to second
Batting: LHB Jim Unknown 0-0: Foul Ball, location: 2F
0-1: Ball
1-1: Ball
2-1: Ball
3-1: Foul Ball, location: 2F
3-2: Foul Ball, location: 2F
3-2: Fielders Choice at 2nd, 4-6 (Groundball, 4)
Jim Unknown to third
Batting: LHB Jim Unknown 0-0: Ground out 4-3 (Groundball, 4)
Top of the 4th over - 0 run(s), 1 hit(s), 0 error(s), 2 left on base; Highwood 1 - Harrisburg 0
BOTTOM OF THE 4TH
Harrisburg Harriers batting - Pitching for Highwood Hawks : RHP Teddy Perkins
Batting: RHB Bartolo Morales 0-0: Ball
1-0: Foul Ball, location: 2F
1-1: Fly out, F7 (Line Drive, 7M)
Batting: RHB Keith MacKey 0-0: Ground out 1-3 (Groundball, 15)
Batting: RHB Martín Álvarez 0-0: Called Strike
0-1: Called Strike
0-2: Ball
1-2: DOUBLE (Line Drive, 5L)
Batting: RHB Jim Scott 0-0: Called Strike
0-1: Foul Ball, location: 2F
0-2: Ball
1-2: Foul Ball, location: 2F
1-2: Strikes out looking
Bottom of the 4th over - 0 run(s), 1 hit(s), 0 error(s), 1 left on base; Highwood 1 - Harrisburg 0
TOP OF THE 5TH
Highwood Hawks batting - Pitching for Harrisburg Harriers : LHP Evan Koopman
Batting: SHB Jim Unknown 0-0: SINGLE (Groundball, 34)
Batting: RHB Jim Unknown 0-0: Ball
1-0: Sac Bunt - play at first, batter OUT! 5-4
Jim Unknown to second
Batting: RHB Jim Unknown 0-0: Intentional Walk
Batting: LHB Perry Bothof 0-0: Ball
1-0: Swinging Strike
1-1: Called Strike
1-2: Ball
2-2: SINGLE (Groundball, 34D)
Jim Unknown to third
Jim Unknown to second
Runner from 3rd tries for Home, SAFE, throw made home
Batting: LHB Jim Unknown 0-0: Ball
1-0: Ball
2-0: Called Strike
2-1: Ball
3-1: Reached on error, E6 (Groundball, 6MS)
Jim Unknown scores
Perry Bothof to third
Batting: RHB Jim Unknown 0-0: Intentional Walk
Batting: LHB Jim Unknown 0-0: Fielders Choice at 2nd, 3-6 (Groundball, 34)
Perry Bothof scores
Jim Unknown to third
Batting: LHB Jim Unknown 0-0: Ball
1-0: Ground out 5-3 (Groundball, 56S)
Top of the 5th over - 3 run(s), 2 hit(s), 1 error(s), 2 left on base; Highwood 4 - Harrisburg 0
BOTTOM OF THE 5TH
Harrisburg Harriers batting - Pitching for Highwood Hawks : RHP Teddy Perkins
Batting: LHB Eric Porter 0-0: Foul Ball, location: 2F
0-1: Fly out, F4 (Popup, 3D)
Batting: RHB Mike Greene 0-0: Ball
1-0: Ground out 6-3 (Groundball, 6)
Batting: RHB Jim Unknown 0-0: Ball
1-0: SINGLE (Groundball, 13) (infield hit)
Batting: RHB Bartolo Benítez 0-0: SINGLE (Groundball, 6MD)
Jim Unknown to second
Batting: RHB Patrizio Vanali 0-0: SINGLE (Flyball, 4D)
Jim Unknown to third
Bartolo Benítez to second
Runner from 3rd tries for Home, SAFE, no throw or cutoff
Batting: RHB Bartolo Morales 0-0: Called Strike
0-1: SINGLE (Groundball, 4MD) (infield hit)
Bartolo Benítez to third
Patrizio Vanali to second
Batting: RHB Keith MacKey 0-0: Called Strike
0-1: Ball
1-1: Foul Ball, location: 2F
1-2: Strikes out swinging
Bottom of the 5th over - 1 run(s), 4 hit(s), 0 error(s), 3 left on base; Highwood 4 - Harrisburg 1
TOP OF THE 6TH
Highwood Hawks batting - Pitching for Harrisburg Harriers : LHP Evan Koopman
Batting: LHB Jim Unknown 0-0: Ball
1-0: Called Strike
1-1: Swinging Strike
1-2: Ball
2-2: Ball
3-2: Strikes out swinging
Batting: SHB Jim Unknown 0-0: Called Strike
0-1: SINGLE (Line Drive, 6D)
Pitching: LHP Ted Wright
Batting: RHB Jim Unknown Pickoff Throw to First - Error! E1
Jim Unknown to second
0-0: Ball
1-0: Ball
2-0: Called Strike
2-1: Fly out, F6 (Popup, 56D)
Batting: RHB Jim Unknown 0-0: Ball
1-0: Ball
2-0: Ball
3-0: Base on Balls
Batting: LHB Perry Bothof 0-0: Called Strike
0-1: Swinging Strike
0-2: Ball
1-2: Fly out, F4 (Popup, 34)
Top of the 6th over - 0 run(s), 1 hit(s), 1 error(s), 2 left on base; Highwood 4 - Harrisburg 1
BOTTOM OF THE 6TH
Harrisburg Harriers batting - Pitching for Highwood Hawks : RHP Teddy Perkins
Batting: RHB Martín Álvarez 0-0: Called Strike
0-1: Foul Ball, location: 2F
0-2: Ball
1-2: SINGLE (Groundball, 34D) (infield hit)
Batting: RHB Jim Scott 0-0: Called Strike
0-1: Called Strike
0-2: Ball
1-2: Strikes out swinging
Batting: LHB Eric Porter 0-0: Swinging Strike
0-1: Called Strike
0-2: Ball
1-2: Ball
2-2: Ball
3-2: Base on Balls
Martín Álvarez to second
Batting: RHB Mike Greene 0-0: Called Strike
0-1: Called Strike
0-2: SINGLE (Line Drive, 4D)
Martín Álvarez to third
Eric Porter to second
Runner from 3rd tries for Home, SAFE, no throw or cutoff
Batting: RHB Jim Unknown 0-0: Ball
1-0: Called Strike
1-1: Foul Ball, location: 2F
1-2: Strikes out swinging
Batting: RHB Bartolo Benítez 0-0: Called Strike
0-1: Foul Ball, location: 2F
0-2: Foul Ball, location: 2F
0-2: SINGLE (Groundball, 56D)
Eric Porter to third
Mike Greene to second
Runner from 3rd tries for Home, SAFE, no throw or cutoff
Batting: RHB Patrizio Vanali 0-0: Ball
1-0: Called Strike
1-1: Ball
2-1: DOUBLE (Line Drive, 9LS)
Mike Greene scores
Bartolo Benítez to third
Batting: RHB Bartolo Morales 0-0: Ball
1-0: Ball
2-0: Ball
3-0: Base on Balls
Batting: RHB Keith MacKey 0-0: Ball
1-0: Ball
2-0: Swinging Strike
2-1: Ball
3-1: Foul Ball, location: 2F
3-2: Foul Ball, location: 2F
3-2: Strikes out swinging
Bottom of the 6th over - 3 run(s), 4 hit(s), 0 error(s), 3 left on base; Highwood 4 - Harrisburg 4
TOP OF THE 7TH
Highwood Hawks batting - Pitching for Harrisburg Harriers : LHP Ted Wright
Batting: LHB Jim Unknown 0-0: Ball
1-0: Ball
2-0: Foul Ball, location: 2F
2-1: Swinging Strike
2-2: Strikes out swinging
Batting: RHB Jim Unknown 0-0: Called Strike
0-1: Foul Ball, location: 2F
0-2: Strikes out swinging
Batting: LHB Jim Unknown 0-0: SINGLE (Line Drive, 89S)
Pinch Hitting: RHB Jim Unknown 0-0: DOUBLE (Line Drive, 3D)
Jim Unknown to third
Batting: LHB Jim Unknown 0-0: Ball
1-0: Foul Ball, location: 2F
1-1: Foul Ball, location: 2F
1-2: Ground out 6-3 (Groundball, 6)
Top of the 7th over - 0 run(s), 2 hit(s), 0 error(s), 2 left on base; Highwood 4 - Harrisburg 4
BOTTOM OF THE 7TH
Harrisburg Harriers batting - Pitching for Highwood Hawks : RHP Teddy Perkins
Now at 3B: Jim Unknown
Batting: RHB Martín Álvarez 0-0: Foul Ball, location: 2F
0-1: Ball
1-1: Ball
2-1: Ground out 2-3 (Groundball, 2R)
Pinch Hitting: RHB Stephen Blair 0-0: Called Strike
0-1: Called Strike
0-2: Ball
1-2: Ball
2-2: Ball
3-2: Foul Ball, location: 2F
3-2: Foul Ball, location: 2F
3-2: Foul Ball, location: 2F
3-2: Fly out, F2 (Popup, 2LF)
Batting: LHB Eric Porter 0-0: Ball
1-0: Foul Ball, location: 2F
1-1: Called Strike
1-2: Foul Ball, location: 2F
1-2: Fly out, F9 (Line Drive, 9M)
Bottom of the 7th over - 0 run(s), 0 hit(s), 0 error(s), 0 left on base; Highwood 4 - Harrisburg 4
TOP OF THE 8TH
Highwood Hawks batting - Pitching for Harrisburg Harriers : LHP Ted Wright
Now in RF: Stephen Blair
Batting: SHB Jim Unknown 0-0: Called Strike
0-1: Ball
1-1: Swinging Strike
1-2: Foul Ball, location: 2F
1-2: Strikes out looking
Batting: RHB Jim Unknown 0-0: Ball
1-0: Ball
2-0: Called Strike
2-1: Ground out 6-3 (Groundball, 56)
Batting: RHB Jim Unknown 0-0: Ball
1-0: Swinging Strike
1-1: Ball
2-1: Ground out 6-3 (Groundball, 6)
Top of the 8th over - 0 run(s), 0 hit(s), 0 error(s), 0 left on base; Highwood 4 - Harrisburg 4
BOTTOM OF THE 8TH
Harrisburg Harriers batting - Pitching for Highwood Hawks : RHP Teddy Perkins
Batting: RHB Mike Greene 0-0: Foul Ball, location: 2F
0-1: Ball
1-1: Ball
2-1: Called Strike
2-2: Foul Ball, location: 2F
2-2: Strikes out swinging
Batting: RHB Jim Unknown 0-0: Ball
1-0: Fly out, F8 (Flyball, 8LM)
Pinch Hitting: RHB Robbie Chambers 0-0: Called Strike
0-1: Ball
1-1: Ball
2-1: Ball
3-1: Base on Balls
Batting: RHB Patrizio Vanali 0-0: Ball
1-0: TRIPLE (Flyball, 9M)
Robbie Chambers scores
Batting: RHB Bartolo Morales 0-0: Called Strike
0-1: Swinging Strike
0-2: Ball
1-2: Ball
2-2: Ball
3-2: Fly out, F8 (Flyball, 8LM)
Bottom of the 8th over - 1 run(s), 1 hit(s), 0 error(s), 1 left on base; Highwood 4 - Harrisburg 5
TOP OF THE 9TH
Highwood Hawks batting - Pitching for Harrisburg Harriers : LHP Ted Wright
Pitching: RHP Bernardo Valdés
Now at 2B: Robbie Chambers
Pinch Hitting: LHB Jim Unknown 0-0: Foul Ball, location: 2F
0-1: Ball
1-1: Fly out, F8 (Flyball, 8RD)
Batting: LHB Jim Unknown 0-0: Ball
1-0: Foul Ball, location: 2F
1-1: Ball
2-1: Foul Ball, location: 2F
2-2: Ball
3-2: Foul Ball, location: 2F
3-2: Foul Ball, location: 2F
3-2: Strikes out swinging
Batting: RHB Jim Unknown 0-0: Swinging Strike
0-1: Foul Ball, location: 2F
0-2: Ball
1-2: Strikes out swinging
Top of the 9th over - 0 run(s), 0 hit(s), 0 error(s), 0 left on base; Highwood 4 - Harrisburg 5
This league is powered by Out of the Park Baseball, the baseball management simulation game for PC, Mac and Linux
Friday, October 23rd, 2015 - OOTP Baseball 16.9 Build 39